 Dungeon Crawl Stone Soup version 0.23-a0-642-g3120c2f (webtiles) character file.

52 MisterFreud the Slasher (level 3, -4/26 HPs)
             Began as an Octopode Monk on Dec 30, 2018.
             Slain by a bullfrog (9 damage)
             ... on level 2 of the Dungeon.
             The game lasted 00:01:36 (1226 turns).

MisterFreud the Slasher (Octopode Monk)             Turns: 1226, Time: 00:01:36

Health: -4/26      AC:  1    Str: 10    XL:     3   Next: 85%
Magic:  3/3        EV: 14    Int: 13    God:
Gold:   91         SH:  0    Dex: 14    Spells: 2/2 levels left

rFire    . . .     SeeInvis .   a - +0 falchion
rCold    . . .     Gourm    .   (no shield)
rNeg     . . .     Faith    .   (helmet restricted)
rPois    .         Spirit   .   g - amulet of harm (curse)
rElec    .         Reflect  .   f - ring of attention (curse)
rCorr    .         Harm     +   (no ring)
MR       .....                  (no ring)
Stlth    ++........             (no ring)
HPRegen  0.08/turn              (no ring)
MPRegen  0.08/turn              (no ring)
                                (no ring)
                                (no ring)

@: no status effects
A: almost no armour, stealthy swim, amphibious, 8 rings, constrict 8, camouflage
1, gelatinous body 1
a: no special abilities


You were on level 2 of the Dungeon.
You were not hungry.

You visited 1 branch of the dungeon, and saw 2 of its levels.

You collected 91 gold pieces.

Inventory:

Hand Weapons
 a - a +0 falchion (weapon)
Missiles
 d - 102 arrows
 e - 5 stones (quivered)
 i - 14 bolts
 l - 5 tomahawks of returning
Jewellery
 f - a cursed ring of attention (left tentacle)
 g - a cursed amulet of harm (around mantle)
Scrolls
 h - a scroll of identify
Potions
 c - a potion of heal wounds
 j - a potion of haste {unknown}
Comestibles
 b - 2 rations
 k - a chunk of flesh


   Skills:
 - Level 3.0 Fighting
 + Level 4.6 Long Blades
 - Level 3.0 Dodging
 - Level 2.6 Stealth


You had 2 spell levels left.
You didn't know any spells.
Your spell library was empty.

Dungeon Overview and Level Annotations

Branches:
Dungeon (2/15)

Altars:


Innate Abilities, Weirdness & Mutations

You cannot wear most types of armour.
You are very stealthy in the water. (Stealth+)
You are amphibious.
You can wear up to eight rings at the same time.
You can use your tentacles to constrict eight enemies at once.
Your skin changes colour to match your surroundings (Stealth+).
Your rubbery body absorbs attacks. (AC +1, EV +1)


Message History

A bullfrog comes into view.
The bullfrog croaks.
You hit the goblin.
You kill the goblin!
The bullfrog hits you.
You see here a +0 dagger.
You barely miss the bullfrog. Your grab misses the bullfrog.
The bullfrog hits you.
You hit the bullfrog but do no damage. Your grab misses the bullfrog.
The bullfrog hits you but does no damage.
The bullfrog hits you!
You are too injured to fight recklessly!
You closely miss the bullfrog. Your grab misses the bullfrog.
The bullfrog snags a nearby centipede with its tongue.
The bullfrog closely misses you. The bullfrog misses you.
You hit the bullfrog but do no damage. Your grab misses the bullfrog.
The bullfrog hits you.
* * * LOW HITPOINT WARNING * * *
The bullfrog hits you!
You die...

..#.# #.##.# ..#.#
#.##.# ..#.# #.##.#
#>#.# #.##.# ..#.# #.
#.##.# #.#.# #.#
#.##.# #.#.# #.#
#.##.# #.#.# #.#
#F##.# #.#.# #.#
#@##.# #.#.# #.#
#.##.#
#.#.#.####.#####.##.#
#.#.#......รท.....##.#
..#.######.########.#
###.# #.# #.# #
#.######.# #.# #
#........# #.# #
########## #.#


You could see a bullfrog.

Vanquished Creatures
  An adder (D:2)
  4 dart slugs
  2 leopard geckos (D:1)
  2 ball pythons (D:2)
  4 bats
  3 giant cockroaches
  3 goblins
  5 hobgoblins
  4 kobolds
  5 rats
33 creatures vanquished.

Notes
Turn   | Place    | Note
-------+----------+-------------------------------------------
     0 | D:1      | MisterFreud the Octopode Monk began the quest for the Orb.
     0 | D:1      | Reached XP level 1. HP: 16/16 MP: 1/1
     2 | D:1      | Noticed a felid
     2 | D:1      | Noticed a halfling
     4 | D:1      | Noticed a dwarf
     4 | D:1      | Noticed a human
     8 | D:1      | Noticed a formicid
     8 | D:1      | Noticed a centaur
    10 | D:1      | Noticed a troll
    10 | D:1      | Noticed a minotaur
    12 | D:1      | Noticed a demigod
    12 | D:1      | Noticed a vampire
    14 | D:1      | Noticed a merfolk
    14 | D:1      | Noticed a demonspawn
    16 | D:1      | Noticed an ogre
    16 | D:1      | Noticed an elf
    18 | D:1      | Noticed a tengu
    20 | D:1      | Noticed a spriggan
    20 | D:1      | Noticed a naga
    22 | D:1      | Noticed a ghoul
    22 | D:1      | Noticed an octopode
    24 | D:1      | Noticed a vine stalker
    26 | D:1      | Noticed a gargoyle
    26 | D:1      | Noticed a draconian
   130 | D:1      | Reached XP level 2. HP: 21/21 MP: 2/2
   316 | D:1      | Reached skill level 4 in Long Blades
   592 | D:1      | Reached XP level 3. HP: 26/26 MP: 3/3
  1218 | D:2      | Noticed a bullfrog
  1226 | D:2      | Slain by a bullfrog

Vault maps used:
D:1:      kb_arrival_jail
D:2:      minmay_hexomino_f4

Skill      XL: |  1  2 |
---------------+-------+-----
Long Blades    | 4 |  4.6
Fighting       | |  3.0
Dodging        | |  3.0
Stealth        | |  2.6

Action                   || total
-------------------------++-------
Melee: Falchion          ||    58
       Constrict         ||    18
       Tentacles         ||     7
  Use: Scroll            ||     2
 Stab: Sleeping          ||    12
  Eat: Chunk             ||     1
Armor: Skin              ||     6
Dodge: Dodged            ||    33
       Rpst.: Falchion   ||     8

Table legend:
 A = Non-vault XP
 B = Vault XP
 C = Vault XP percentage of total XP
 D = Non-vault monster count
 E = Vault monster count
 F = Vault count percentage of total count
                 A         B        C        D         E       F
            +---------+---------+-------+---------+---------+-------
      Total |      70 |       5 |   6.7 |      30 |       3 |   9.1
            +---------+---------+-------+---------+---------+-------
        D:1 |      37 |       0 |   0.0 |      18 |       0 |   0.0
        D:2 |      33 |       5 |  13.2 |      12 |       3 |  20.0
            +---------+---------+-------+---------+---------+-------
